 Dungeon Crawl Stone Soup version 0.19-a0-1498-g0b85ae9 (webtiles) character file.

980 George the Carver (level 7, -1/60 HPs)
             Began as a Minotaur Fighter on Sept 10, 2016.
             Was an Initiate of the Shining One.
             Killed from afar by an electric eel (11 damage)
             ... with a bolt of electricity
             ... on level 6 of the Dungeon.
             The game lasted 00:08:02 (4469 turns).

George the Carver (Minotaur Fighter)                Turns: 4469, Time: 00:08:03

Health: -1/60      AC: 12    Str: 20    XL:     7   Next: 96%
Magic:  7/7        EV:  4    Int:  5    God:    the Shining One [......]
Gold:   394        SH: 10    Dex: 12    Spells: 0 memorised, 6 levels left

rFire  . . .     SeeInvis .     a - +0 long sword
rCold  . . .     Gourm    +     t - +0 plate armour
rNeg   . . .     Faith    .     c - +0 shield
rPois  .         Spirit   .     (helmet restricted)
rElec  .         Dismiss  .     (no cloak)
rCorr  +         Reflect  .     (no gloves)
MR     +....     Harm     .     (no boots)
Stlth  ..........               l - amulet of the gourmand
                                p - ring of protection from magic
                                g - ring of resist corrosion

@: glowing
A: retaliatory headbutt, horns 2
a: Renounce Religion


You were on level 6 of the Dungeon.
You worshipped the Shining One.
The Shining One was noncommittal.
You were completely stuffed.

You visited 2 branches of the dungeon, and saw 7 of its levels.

You collected 394 gold pieces.

Inventory:

Hand Weapons
 a - a +0 long sword (weapon)
 A - a +0 rapier
Armour
 c - a +0 shield (worn)
 t - a +0 plate armour (worn)
Jewellery
 g - a ring of resist corrosion (left hand)
 l - an amulet of the gourmand (around neck)
 p - a ring of protection from magic (right hand)
Wands
 w - a wand of lightning (7/15)
 y - a wand of teleportation (1/9)
Scrolls
 d - 2 scrolls of enchant armour {unknown}
 h - 2 scrolls of teleportation
 i - 3 scrolls of remove curse
 m - a scroll of identify {unknown}
 o - a scroll of recharging {unknown}
 u - 2 scrolls of random uselessness {unknown}
 x - a scroll of enchant weapon {unknown}
Potions
 e - 4 potions of curing
 j - a potion of cancellation {unknown}
 k - a potion of agility {unknown}
 n - a potion of haste {unknown}
 s - a potion of berserk rage {unknown}
 v - a potion of flight {unknown}
Comestibles
 b - a beef jerky
 f - 3 bread rations
 q - 3 slices of pizza
 r - 3 meat rations
 z - a chunk of flesh


   Skills:
 + Level 4.6 Fighting
 + Level 9.4 Long Blades
 + Level 4.8 Armour
 + Level 4.7 Shields
 + Level 2.2 Invocations


You had 6 spell levels left.
You didn't know any spells.

Dungeon Overview and Level Annotations

Branches:
Dungeon (6/15)             Temple (1/1) D:4

Altars:
Cheibriados
Dithmenos
Elyvilon
Fedhas
Hepliaklqana
Makhleb
Nemelex Xobeh
Okawaru
Qazlal
Ru
Sif Muna
Trog
Uskayaw
Vehumet
Xom
Yredelemnul
Zin
The Shining One

Shops:
D:5 =


Innate Abilities, Weirdness & Mutations

You reflexively headbutt those who attack you in melee.
You have a pair of horns on your head.


Message History

The electric eel is severely wounded.
The electric eel shoots out a bolt of lightning at you!
The bolt of electricity hits you!
You hit the electric eel but do no damage.
The electric eel is severely wounded.
The electric eel shoots out a bolt of lightning at you!
The bolt of electricity hits you!
You are too injured to fight recklessly!
You are too injured to fight recklessly!
You are too injured to fight recklessly!
You closely miss the electric eel.
The electric eel is severely wounded.
The electric eel shoots out a bolt of lightning at you!
The bolt of electricity hits you!
* * * LOW HITPOINT WARNING * * *
You hit the electric eel.
The electric eel is almost dead.
The electric eel shoots out a bolt of lightning at you!
The bolt of electricity hits you!
You die...

###############
≈≈≈≈≈≈≈≈≈≈≈≈≈≈###
≈≈≈≈≈≈≈≈≈≈≈≈≈≈≈≈≈
≈≈≈≈≈≈≈≈≈≈≈≈≈≈≈≈≈
≈.≈≈.≈;≈≈≈≈≈.≈.≈≈
.......@.........
.................
.##.#.###.######
..... #.# ≈ #.#
#.# #. #.# . #.#
≈ #.# #.#


You could see an electric eel.

Vanquished Creatures
  Grinder (D:3)
  The ghost of 4thArraOfDagon the Chopper, an amateur MiBe of Trog (D:5)
  An ice beast (D:5)
  An ogre (D:5)
  A scorpion (D:5)
  A howler monkey (D:5)
  An orc priest (D:3)
  An orc wizard (D:3)
  6 worker ants
  Ijyb (D:3)
  A worker ant zombie (D:3)
  Robin (D:2)
  A gnoll (D:1)
  5 adders
  4 worms
  2 dart slugs
  7 giant geckos
  5 orcs
  5 giant cockroaches
  10 goblins
  4 hobgoblins
  4 jackals (D:2)
  2 quokkas
  2 ball pythons (D:3)
  5 bats
  2 giant newts (D:4)
  4 kobolds
  6 rats
85 creatures vanquished.

Notes
Turn   | Place    | Note
-------+----------+-------------------------------------------
     0 | D:1      | George the Minotaur Fighter began the quest for the Orb.
     0 | D:1      | Reached XP level 1. HP: 19/19 MP: 0/0
   346 | D:1      | Reached skill level 3 in Long Blades
   379 | D:1      | Reached XP level 2. HP: 26/26 MP: 1/1
   453 | D:1      | Reached skill level 4 in Long Blades
   710 | D:2      | Noticed Robin
   714 | D:2      | Reached XP level 3. HP: 29/31 MP: 2/2
   721 | D:2      | Killed Robin
   761 | D:2      | Found a basalt altar of Yredelemnul.
   858 | D:2      | Found a shimmering altar of Xom.
   971 | D:2      | Reached skill level 5 in Long Blades
  1092 | D:2      | Reached XP level 4. HP: 36/39 MP: 3/3
  1398 | D:3      | Noticed Grinder
  1412 | D:3      | Killed Grinder
  1412 | D:3      | Reached skill level 7 in Long Blades
  1412 | D:3      | Reached XP level 5. HP: 14/45 MP: 4/4
  1431 | D:3      | Reached XP level 6. HP: 14/51 MP: 5/5
  1567 | D:3      | Found a white marble altar of Elyvilon.
  1701 | D:3      | Reached skill level 8 in Long Blades
  1955 | D:3      | Noticed Ijyb
  1970 | D:3      | Killed Ijyb
  1971 | D:3      | HP: 2/51 [poisoned by Ijyb]
  2717 | D:4      | Found a staircase to the Ecumenical Temple.
  2737 | Temple   | Entered the Ecumenical Temple
  2814 | Temple   | Became a worshipper of the Shining One
  3041 | D:4      | Reached skill level 9 in Long Blades
  3263 | D:4      | Found a deep blue altar of Sif Muna.
  3359 | D:5      | Entered Level 5 of the Dungeon
  3366 | D:4      | Reached XP level 7. HP: 53/58 MP: 6/6
  3498 | D:5      | Reached skill level 1 in Invocations
  3764 | D:5      | Noticed 4thArraOfDagon's ghost (amateur MiBe)
  3902 | D:5      | Killed 4thArraOfDagon's ghost
  3907 | D:5      | Found Lovimo Gouq's Jewellery Boutique.
  4469 | D:6      | Killed from afar by an electric eel

Vault maps used:
D:1:      dpeg_arrival_pits, item_on_display_a
D:2:      yredelemnul_altar_generic, lemuel_round_altar,
          roderic_chinese_pattern_swastika, uniq_robin
D:3:      marbit_many_paths, glass_columns_a, uniq_grinder, uniq_iyjb
D:4:      overflow_temple_1_default
D:5:      serial_shops, shop, first_bread
D:6:      minmay_goblin_kobold_castle, serial_shops, nicolae_shop_waterfront,
          trog_eyes_of_draining
Temple:   dpeg_chambers_temple

Skill      XL: |  1  2  3  4  5  6  7 |
---------------+----------------------+-----
Long Blades    | 3 4 5 7 9 |  9.4
Fighting       | 4 |  4.6
Armour         | 4 |  4.8
Shields        | 4 |  4.7
Invocations    | 2 |  2.2

Action                   |  1- 3 |  4- 6 |  7- 9 || total
-------------------------+-------+-------+-------++-------
Melee: Long sword        |    79 |   138 |    74 ||   291
       Headbutt          |    13 |    29 |    15 ||    57
  Use: Scroll            |       |     6 |       ||     6
       Potion            |       |     3 |       ||     3
  Eat: Chunk             |       |    18 |     4 ||    22
Armor: Scale mail        |    28 |     2 |       ||    30
       Plate armour      |       |    86 |    20 ||   106
Dodge: Dodged            |    15 |    12 |     7 ||    34
Block: Shield            |    34 |    61 |    32 ||   127
